 Dungeon Crawl Stone Soup version 0.31-a0-459-gc8a9bf3d51 (webtiles) character file.

Game seed: 7627605834021182710

21 Ethylacetat the Insei (level 2, -3/1 HPs)
             Began as a Vine Stalker Monk on Aug 4, 2023.
             Slain by a hobgoblin (4 damage)
             ... on level 2 of the Dungeon.
             The game lasted 00:00:51 (518 turns).

Ethylacetat the Insei (Vine Stalker Monk)            Turns: 518, Time: 00:00:51

Health: -3/1       AC:  0    Str: 13    XL:     2   Next: 87%
Magic:  0/3        EV: 13    Int: 10    God:
Gold:   62         SH:  0    Dex: 16    Spells: 1/1 levels left

rFire   . .          .
                       - Unarmed
rCold   . . .        c - orb {light}
rNeg    . . .        a - melded +0 robe
rPois   .            (no helmet)
rElec   .            (no cloak)
rCorr   .            (no gloves)
SInv    .            (no boots)
Will    .....        (no amulet)
Stlth   +            (no ring)
HPRegen 0.20/turn    (no ring)
MPRegen 0.08/turn

%: guardian spirit
@: maw-form, glowing
A: devouring maw, reduced hp, fangs 2, magic shield, antimagic bite, no potion
heal 2
a: Begin Untransformation


You were on level 2 of the Dungeon.
You were a creature with a mouth for a stomach.
You visited 1 branch of the dungeon, and saw 2 of its levels.

You collected 62 gold pieces.

Inventory:

Armour
 a - a +0 robe (melded)
 c - an orb of light (worn)
Talismans
 j - a maw talisman (active)
Scrolls
 d - 4 scrolls of identify {unknown}
 f - a scroll of amnesia {unknown}
 k - a scroll of torment {unknown}
Potions
 b - a potion of ambrosia
 e - a potion of attraction {unknown}
 g - a potion of heal wounds {unknown}
 h - a potion of berserk rage {unknown}
 i - a potion of curing {unknown}


   Skills:
 + Level 3.0 Fighting
 - Level 2.7 Dodging
 + Level 3.3 Unarmed Combat
 + Level 0.0 Spellcasting
 * Level 0.0 Shapeshifting


You had one spell level left.
You didn't know any spells.
Your spell library was empty.

Dungeon Overview and Level Annotations

Branches:
Dungeon (2/15)

Altars:


Innate Abilities, Weirdness & Mutations

You are a creature with a mouth for a stomach.
Your midsection houses a second, enormous mouth.
Your maximum health is decreased, since you lack skill for your form.
You have extremely sharp teeth.
When hurt, damage is shared between your health and your magic reserves.
Your bite disrupts and absorbs the magic of your enemies.
Potions cannot restore your health.


Message History

You now have 51 gold pieces (gained 10).
Things that are here:
a +0 club; a goblin corpse
There is a stone staircase leading down here.
You now have 62 gold pieces (gained 11).
You see here a +0 sling.
You see here a jackal skeleton.
You open the door.
Found 6 stones.
There is an open door here.
k - a scroll labelled DUOLER EDEQ As you open the door, it creaks loudly!
There is an open door here.
Done exploring.
Done exploring.
There is an open door here.
There is an open door here.
There is a stone staircase leading down here.
You climb downwards.
Found a scroll labelled GUFFYI ZEOSMIU.
There is a stone staircase leading up here.
d - 4 scrolls labelled GUFFYI ZEOSMIU (gained 1)
A ball python comes into view.
Found 11 gold pieces.
The ball python hisses angrily.
A hobgoblin comes into view.
Found 4 gold pieces.
The hobgoblin shouts!
You hear an angry hiss.
The ball python barely misses you. x2; The ball python bites you.
The ball python grabs you. The ball python constricts you.
Unknown command.
You hit the ball python.
You devour the ball python!
You feel better.
You kill the ball python!
You barely miss the hobgoblin. The hobgoblin closely misses you.
You hit the hobgoblin.
The hobgoblin is heavily wounded.
A frilled lizard comes into view.
The hobgoblin hits you.
Ouch! That really hurt!
You die...

#...#l #...#.
#...#. .. .....
#.# $
....######..
...##..#... ..#
......g#.####.#
.......W....#.#
.......#.##.#.#
.$.....#.##...#
.......#.....<#
###.########.##
#. #.# # #.#
#.# #.#


You could see a hobgoblin and a frilled lizard.

Vanquished Creatures
  An endoplasm (D:1)
  A goblin (D:1)
  2 hobgoblins (D:1)
  7 jackals (D:1)
  A kobold (D:1)
  A quokka (D:1)
  A ball python (D:2)
  3 bats (D:1)
  A frilled lizard (D:1)
18 creatures vanquished.

Notes
Turn   | Place    | Note
-------+----------+-------------------------------------------
     0 | D:1      | Ethylacetat the Vine Stalker Monk began the quest for the
                  | Orb.
     0 | D:1      | Reached XP level 1. HP: 11/11 MP: 2/2
    69 | D:1      | Reached XP level 2. HP: 13/16 MP: 1/3
   216 | D:1      | Found a faded altar of an unknown god.
   518 | D:2      | Slain by a hobgoblin

Illustrated notes

Levels and vault maps discovered:
D:1:      evilmike_arrival_fibonacci_small, layout_rooms,
          hellmonk_ecumenical_altar_blasted, minmay_tromino_i4
D:2:      layout_loops_cross, basic_altar, minmay_misc_feat_four_crosses,
          minmay_puff

Skill      XL: |  1  2 |
---------------+-------+-----
Fighting       | 3 |  3.0
Dodging        | |  2.7
Unarmed Combat | |  3.3

Action                     || total
---------------------------++-------
  Melee: Unarmed           ||    38
         Bite              ||    13
 Armour: Robe              ||     8
  Dodge: Dodged            ||    34
   Form: Maw               ||     1

Table legend: (Time is in decaauts)
 A = Elapsed time spent in this place.
 B = Non-inter-level travel time spent in this place.
 C = Inter-level travel time spent in this place.
 D = Time resting spent in this place.
 E = Time spent auto-exploring this place.
 F = Levels seen in this place.
 G = Mean time per level.
                   A        B        C        D        E       F      G
               +--------+--------+--------+--------+--------+-----+--------+
         Total |    515 |    486 |     29 |      0 |    390 |   2 |  257.5 |
       Dungeon |    515 |    486 |     29 |      0 |    390 |   2 |  257.5 |
               +--------+--------+--------+--------+--------+-----+--------+

Top non-repeatable levels by time:
     D:1: 502 daAuts
     D:2: 12 daAuts
